 Dungeon Crawl Stone Soup version 0.21.0-24-g2553a3340b (webtiles) character file.

551295 Mukku the Imperceptible (level 25, -5/201 HPs)
             Began as a Vampire Artificer on Jan 21, 2018.
             Was the Champion of Dithmenos.
             Killed from afar by an orb of fire (28 damage)
             ... with a fireball
             ... on level 5 of the Realm of Zot.
             The game lasted 06:47:19 (67923 turns).

Mukku the Imperceptible (Vampire Artificer)        Turns: 67923, Time: 06:47:20

Health: -5/201     AC: 23    Str: 15      XL:     25   Next: 6%
Magic:  26/26      EV: 25    Int: 16 (17) God:    Dithmenos [******]
Gold:   5100       SH:  0    Dex: 22      Spells: 12/32 levels left

rFire    + + .     SeeInvis +   a - +6 demon blade (freeze)
rCold    x . .     Gourm    .   V - +2 buckler
rNeg     + . .     Faith    .   w - +5 fire dragon scales {Xtahua}
rPois    +         Spirit   .   M - +1 helmet
rElec    .         Reflect  +   L - +0 cloak {rPois}
rCorr    +         Harm     .   N - +2 pair of gloves {Dex+3}
MR       ++...     Rnd*Rage +   p - +0 pair of boots
Stlth    ++........             P - +5 amulet of reflection
HPRegen  0.43/turn              D - ring of Gumnu Pite {rCorr Slay+2}
MPRegen  0.20/turn              u - +4 ring of slaying

@: confused, infused (expiring), wreathed by umbra
A: fangs 3, see invisible, berserk 1, clumsy 1, deformed body, deterioration 1,
low mp 2, screaming 2, strong 1, unbreathing, subdued magic 1, MP-powered wands
}: 3/15 runes: barnacled, abyssal, gossamer
a: Bat Form, Shadow Step, Shadow Form, Renounce Religion


You were on level 5 of the Realm of Zot.
You worshipped Dithmenos.
Dithmenos was exalted by your worship.
You were not thirsty.

You visited 9 branches of the dungeon, and saw 46 of its levels.
You visited the Abyss 3 times.
You also visited: Ice Cave.

You collected 5661 gold pieces.
You spent 561 gold pieces at shops.

Inventory:

Hand Weapons
 a - a +6 demon blade of freezing (weapon)
 v - a +1 dagger of venom
Missiles
 b - 21 throwing nets {!f}
 r - 9 steel javelins (quivered)
 F - 8 javelins of penetration
Armour
 p - a +0 pair of boots (worn)
 w - +5 fire dragon scales (worn) {Xtahua}
 L - a +0 cloak of poison resistance (worn)
 M - a +1 helmet (worn)
 N - a +2 pair of gloves of dexterity (worn)
 V - a +2 buckler (worn)
Jewellery
 o - the ring of Wu Jian's Approval {rElec MR+ Str+4}
   (You took it off a vampire mage on level 3 of the Depths)

   [ring of protection from magic]

   It affects your strength (+4).
   It insulates you from electricity.
   It affects your resistance to hostile enchantments.
 u - a +4 ring of slaying (right hand)
 D - the ring of Gumnu Pite (left hand) {rCorr Slay+2}
   (You took it off a spriggan defender on level 3 of the Depths)

   [ring of resist corrosion]

   It affects your accuracy and damage with ranged weapons and melee attacks
   (+2).
 E - an uncursed ring of protection from cold
 I - the ring "Idyn" {rCorr rPois rN++}
   (You found it on level 3 of the Depths)

   [ring of resist corrosion]

   It protects you from poison.
   It greatly protects you from negative energy.
 P - a +5 amulet of reflection (around neck)
 R - an uncursed amulet of regeneration
Wands
 d - a wand of enslavement (34)
 e - a wand of iceblast (2)
 s - a wand of acid (14)
 y - a wand of digging (51)
 z - a wand of paralysis (31)
Scrolls
 m - 12 scrolls of teleportation
 n - 3 scrolls of blinking
 B - 3 scrolls of vulnerability
 C - 25 scrolls of remove curse
 H - 5 scrolls of summoning
 K - 8 scrolls of identify
 O - 8 scrolls of fear
 Y - 3 scrolls of fog
Potions
 g - 5 potions of magic
 h - 3 potions of agility
 j - a potion of cancellation
 k - 2 potions of resistance
 l - 6 potions of berserk rage
 q - 6 potions of blood
 t - 5 potions of curing
 x - 6 potions of brilliance
 A - 11 potions of might
 J - 2 potions of haste
 Q - 3 potions of invisibility
 S - 4 potions of flight
 T - 5 potions of ambrosia
 U - 3 potions of mutation
Books
 c - a book of Enchantments

   Spells                             Type                      Level
   a - Cause Fear                     Hexes                        4
   b - Yara's Violent Unravelling     Hexes/Transmutation          5
   c - Silence                        Hexes/Air                    5
   d - Deflect Missiles               Charms/Air                   6
   e - Discord                        Hexes                        8
 X - a book of Annihilations

   Spells                             Type                      Level
   a - Poison Arrow                   Conjuration/Poison           6
   b - Chain Lightning                Conjuration/Air              8
   c - Lehudib's Crystal Spear        Conjuration/Earth            8
   d - Glaciate                       Conjuration/Ice              9
   e - Fire Storm                     Conjuration/Fire             9
Miscellaneous
 f - a lightning rod (4/4)
 G - a sack of spiders
 Z - a phial of floods


   Skills:
 + Level 17.0 Fighting
 - Level 8.1(15.9) Short Blades
 + Level 19.6(19.9) Long Blades
 - Level 13.0 Armour
 + Level 21.0 Dodging
 - Level 21.0 Stealth
 - Level 4.0 Shields
 - Level 4.0 Spellcasting
 - Level 15.4 Hexes
 - Level 9.2 Charms
 - Level 9.2 Necromancy
 - Level 4.0 Translocations
 - Level 13.0 Invocations
 - Level 10.0 Evocations


You had 12 spell levels left.
You knew the following spells:

 Your Spells              Type           Power        Failure   Level  Hunger
a - Regeneration          Chrm/Necr      ####......   2%          3    ###....
b - Blink                 Tloc           N/A          14%         2    ##.....
c - Apportation           Tloc           ##....       9%          1    None
d - Invisibility          Hex            #####...     13%         6    #######
e - Passwall              Tmut/Erth      #.........   61%         2    ##.....
f - Spectral Weapon       Hex/Chrm       ####....     1%          3    ###....
g - Infusion              Chrm           ####         1%          1    None
h - Song of Slaying       Chrm           ####....     1%          2    ##.....


Dungeon Overview and Level Annotations

Branches:
Dungeon (15/15)            Temple (0/1) D:7            Lair (6/6) D:8
 Shoals (4/4) Lair:2       Spider (4/4) Lair:2        Slime (0/5) Lair:5
    Orc (2/2) D:10            Elf (0/3) Orc:2        Vaults (4/5) D:13
  Crypt (1/3) Vaults:2     Depths (5/5) D:15            Zot (5/5) Depths:5

Altars:
Ashenzari
Dithmenos
Fedhas
Gozag
Makhleb
Nemelex Xobeh
Qazlal
Ru
Vehumet
Wu Jian
Xom
The Shining One

Shops:
D:14 [   D:15 [   Orc:1 [   Orc:2 (?*}   Shoals:2 (   Depths:4 [

Portals:
Hell: Depths:1 Depths:2 Depths:3 Depths:4 Depths:5
Abyss: Depths:2 Depths:3 Depths:4
Pandemonium: Depths:3
Ziggurat: Depths:1
Trove: D:11 (give 7 potions of haste)

Annotations:
D:7 1 runed door
D:8 exclusion: statue
Spider:2 exclusion: 8 doors
Vaults:2 Mennas
Vaults:4 exclusion: 3 doors
Depths:2 1 exclusion


Innate Abilities, Weirdness & Mutations

You have razor-sharp teeth.
You have supernaturally acute eyesight. (SInv)
You can survive without breathing.
You tend to lose your temper in combat.
You are clumsy. (Dex -2)
Armour fits poorly on your strangely shaped body.
Your body sometimes deteriorates upon taking damage.
Your magical capacity is very low. (-20% MP)
You sometimes yell uncontrollably at your foes.
Your muscles are strong. (Str +2)
Your spells are a little easier to cast, but a little less powerful.
You expend magic power (3 MP) to strengthen your wands.


Message History

You bump into the rock wall.
The orb of fire glows bright magenta.
Strange energies course through your body.
You feel a strong urge to yell.
You barely miss the orb of fire.
The orb of fire is severely damaged.
Your shadow misses the orb of fire.
The orb of fire glows deep purple.
Strange energies course through your body.
You bump into the rock wall.
Your magical infusion is running out.
The orb of fire glows deep purple.
The bolt of fire hits you! You resist.
* * * LOW HITPOINT WARNING * * *
You see here a halberd.
You bump into the rock wall.
You bump into the rock wall.
The orb of fire glows red.
The fireball explodes!
The fireball engulfs you! You resist.
You die...

.....##..##....##..##...## #..#
##....#..#....##..##.....######..
###...#.#.....#...'.......##.....
##......#...###.###.......##.....
#..[....#.....#...#.......###...#
....#...##....###.##.....###....#
...##..........#...##.[.##.#...##
..####...###...#.#####[##......##
.## #....# ####§@*..#[.#......###
## #...## #.§§§#...[........#
****##▓▓▓ ########.########▓▓▓▓**
,,,,,** #...............* **,
,,,,,,** ##.............#* **,,
,,,,,,,** #.............# **,,,
,,,,,,,,* ##...........## *,,,,
,,,,,,,,* #...........# *,,,,
.,,,,,,,* ##*..........#* *),,,


You could see an orb of fire.

Vanquished Creatures
  2 orbs of fire (Zot:5)
  4 ancient liches (Zot:5)
  2 juggernauts
  Sojobo (Depths:2)
  5 Killer Klowns (Zot:5)
  Margery (Depths:3)
  2 curse toes
  Xtahua (Depths:3)
  A caustic shrike (Depths:4)
  5 golden dragons
  Nikola (D:13)
  4 liches
  4 electric golems
  Rupert (Spider:1)
  Jorgrun (Depths:3)
  7 tentacled monstrosities
  8 Orb Guardians (Zot:5)
  A titan (Depths:4)
  7 acid blobs (Zot:4)
  2 sphinxes
  3 death cobs
  4 shadow dragons
  2 tentacled starspawn
  An eldritch tentacle (Zot:4)
  Kirke (Lair:5)
  10 storm dragons
  5 tengu reavers
  Ilsuiw (Shoals:4)
  An iron dragon (Depths:3)
  6 draconian monks
  6 frost giants
  7 ghost moths
  A draconian scorcher (Zot:4)
  An orc warlord (Depths:3)
  8 fire giants
  13 vault wardens
  3 emperor scorpions (Spider:4)
  A draconian stormcaller (Zot:5)
  4 draconian shifters (Zot:1)
  A spriggan defender (Depths:3)
  5 vampire knights
  13 stone giants
  11 ironheart preservers
  7 entropy weavers
  24 very ugly things
  A draconian annihilator (Zot:3)
  A green draconian (Zot:1)
  A dire elephant (D:15)
  2 black draconians
  5 red draconians
  3 deep elf annihilators
  7 white draconians
  15 yellow draconians
  5 purple draconians
  3 spark wasps
  4 merfolk javelineers
  7 ettins
  A deep elf death mage (Vaults:1)
  9 fire dragons
  9 merfolk impalers
  Harold (D:11)
  9 yaktaur captains
  3 deep elf high priests
  6 great orbs of eyes
  15 ice dragons
  3 rakshasas
  12 vault guards
  9 hydras
  Erica (D:11)
  3 spriggan air magi
  A hell beast (Depths:5)
  2 merfolk avatars
  10 deep troll shamans
  29 two-headed ogres
  13 centaur warriors
  12 death knights
  9 merfolk aquamancers
  7 deep troll earth magi
  9 ogre magi
  3 alligator snapping turtles
  A spriggan berserker (Depths:5)
  4 orc high priests (Orc:1)
  A death yak (Lair:5)
  2 vampire magi (Depths:3)
  5 thrashing horrors
  15 hell knights
  5 tengu warriors
  The ghost of bjoernd the Basher, a novice GrFi of Makhleb (D:7)
  2 naga sharpshooters (Depths:3)
  5 deep elf knights
  A spatial maelstrom (Abyss:2)
  A wretched star (Abyss:1)
  2 iron trolls
  8 skeletal warriors
  2 sixfirhies
  2 shadow wraiths
  An unseen horror (Vaults:1)
  A shadow demon (Abyss:1)
  10 sea snakes
  5 wizards
  9 deep elf archers
  2 glowing orange brains
  37 deep trolls
  The ghost of bjoernd the Fighter, a novice GrFi of Makhleb (D:8)
  2 unseen horrors (shapeshifter)
  9 flayed ghosts
  19 ironbrand convokers
  8 orc knights
  Pikel (D:8)
  11 necromancers
  7 phantasmal warriors
  69 ugly things
  A wolf spider zombie (D:15)
  24 orb spiders
  17 harpies
  A shining eye (shapeshifter) (Depths:4)
  An orb spider (shapeshifter) (Depths:3)
  3 oklob plants (Zot:4)
  13 deep elf magi
  11 fauns
  2 orc sorcerers (Orc:1)
  37 wolf spiders
  8 cyclopes
  A cyclops (shapeshifter) (Depths:3)
  A salamander (Depths:5)
  A shadow dragon skeleton (Abyss:2)
  3 black mambas
  12 elephants
  18 manticores
  A fire giant skeleton (Vaults:4)
  14 merfolk sirens
  17 vault sentinels
  Maurice (D:11)
  11 moths of wrath
  A black mamba (shapeshifter) (Vaults:2)
  7 water nymphs
  2 ice statues (IceCv)
  A titan simulacrum (Vaults:4)
  A gargoyle (D:7)
  An eye of devastation (shapeshifter) (Depths:5)
  An apocalypse crab (Abyss:5)
  Psyche (D:8)
  A storm dragon simulacrum (Depths:5)
  2 orange demons
  47 yaktaurs
  A komodo dragon (shapeshifter) (Vaults:3)
  10 spiny frogs
  An efreet (D:14)
  8 komodo dragons
  3 rime drakes
  A spriggan skeleton (Depths:5)
  15 freezing wraiths
  14 demonic crawlers
  A red devil (Depths:5)
  An ancient zyme (Abyss:1)
  2 tengu conjurers
  48 merfolk
  6 wind drakes
  41 jumping spiders
  5 polar bears (Lair:6)
  A polar bear (shapeshifter) (Vaults:2)
  5 blink frogs
  22 hornets
  Prince Ribbit (D:7)
  A merfolk (shapeshifter) (Vaults:4)
  9 trolls
  A harpy skeleton (D:15)
  42 slime creatures
  13 hippogriffs
  7 raiju
  A slime creature (shapeshifter) (Vaults:2)
  8 dream sheep
  7 snapping turtles
  82 redbacks
  15 spriggans
  2 wyverns
  2 air elementals (Depths:4)
  2 tarantellas (shapeshifter)
  30 tarantellas
  6 wraiths
  An ettin skeleton (Vaults:4)
  9 water elementals
  A ynoxinul (Abyss:5)
  26 yaks
  7 fire bats
  A hog (Lair:5)
  A steam dragon (D:14)
  A neqoxec (Abyss:5)
  4 vampire mosquitoes (D:14)
  3 chaos spawn
  6 basilisks
  6 hungry ghosts
  A human simulacrum (Vaults:3)
  6 large abominations
  A swamp worm (shapeshifter) (Depths:3)
  Menkaure (D:4)
  4 wargs
  2 nagas (Depths:3)
  13 water moccasins
  2 acid dragons (Vaults:1)
  A spatial vortex (Abyss:2)
  3 floating eyes
  44 orc warriors
  4 sky beasts
  2 swamp drakes
  A meliai simulacrum (D:14)
  4 porcupines
  A black bear (D:7)
  2 hornet zombies
  18 ice beasts
  A necrophage (D:8)
  2 eyes of draining
  An eye of draining (shapeshifter) (Depths:2)
  33 ogres
  2 phantoms
  A slave (D:8)
  8 small abominations
  2 wolves (shapeshifter)
  9 boggarts
  21 wolves
  23 centaurs
  12 crocodiles
  26 bullfrogs
  6 big kobolds
  18 worker ants
  A wyvern skeleton (D:12)
  4 scorpions
  8 killer bees
  7 howler monkeys
  17 wights
  4 electric eels
  8 crimson imps
  9 centaur skeletons
  7 centaur zombies
  3 quasits
  31 jellies
  Crazy Yiuf (D:7)
  36 orc priests
  16 hounds
  An iron imp (Orc:1)
  3 bullfrog skeletons
  41 orc wizards
  8 iguanas
  A killer bee zombie (D:7)
  3 hound zombies
  A hound skeleton (D:7)
  3 worker ant zombies
  5 gnolls
  18 adders
  7 shadow imps
  3 white imps
  An ufetubus (Abyss:3)
  An ooze (D:2)
  2 adder zombies
  3 worms (D:3)
  3 dart slugs
  8 leopard geckos
  94 orcs
  2 ball pythons
  10 giant cockroaches
  13 goblins
  10 hobgoblins
  5 jackals
  30 kobolds
  7 quokkas
  5 bats
  4 frilled lizards
  2 leopard gecko skeletons
  A quokka skeleton (D:6)
  5 rats
  A fire vortex (Depths:5)
  A plant (Shoals:4)
  A starspawn tentacle (Abyss:3)
2151 creatures vanquished.

Vanquished Creatures (collateral kills)
  A merfolk impaler (Shoals:3)
  A hydra (Lair:3)
  A komodo dragon (Lair:6)
  2 merfolk
  A hornet (Lair:6)
  A snapping turtle (Shoals:3)
  2 spriggans (Lair:6)
  3 yaks (Lair:6)
  An ogre (D:3)
  A crocodile (Lair:3)
  Robin (D:3)
  A gnoll (D:3)
  A goblin (D:2)
  2 hobgoblins (D:2)
  A quokka (D:3)
20 creatures vanquished.

Vanquished Creatures (others)
  A draconian knight (Zot:4)
  A stone giant (Depths:3)
  A yaktaur captain (Depths:5)
  An ice dragon (Depths:1)
  An ironbrand convoker (Vaults:1)
  2 deep elf archers
  A deep elf mage (Depths:3)
  2 moths of wrath (Zot:5)
  3 yaktaurs
  A polar bear (Lair:6)
  A merfolk (Shoals:1)
  2 humans (Lair:5)
  A yak (Lair:6)
  A small abomination (Abyss:3)
  An orc warrior (Depths:3)
  3 centaurs
  An orc priest (Orc:2)
  An orc wizard (Orc:1)
  A gnoll (D:3)
  A jackal (D:3)
  2 bushes (D:8)
  18 fungi
  A lurking horror (Abyss:2)
  22 plants
  7 spectral weapons (Zot:5)
  8 starspawn tentacles
85 creatures vanquished.

Grand Total: 2256 creatures vanquished

Notes
Turn   | Place    | Note
-------+----------+-------------------------------------------
     0 | D:1      | Mukku the Vampire Artificer began the quest for the Orb.
     0 | D:1      | Reached XP level 1. HP: 14/14 MP: 2/2
   240 | D:1      | Reached skill level 1 in Fighting
   429 | D:1      | Reached XP level 2. HP: 21/21 MP: 4/4
   850 | D:1      | Reached XP level 3. HP: 25/26 MP: 5/5
  1116 | D:2      | Found a shattered altar of Ashenzari.
  1704 | D:2      | Found a sparkling altar of Nemelex Xobeh.
  1711 | D:2      | Reached XP level 4. HP: 32/32 MP: 6/6
  1972 | D:3      | Noticed an ogre
  2119 | D:3      | Killed an ogre
  2119 | D:3      | Reached XP level 5. HP: 38/38 MP: 7/7
  2906 | D:3      | Noticed Robin
  2936 | D:3      | Killed Robin
  3195 | D:3      | Reached XP level 6. HP: 46/46 MP: 8/8
  3711 | D:4      | Got a transparent amber ring
  3789 | D:4      | Noticed Menkaure
  3798 | D:4      | Killed Menkaure
  3982 | D:5      | Entered Level 5 of the Dungeon
  3990 | D:5      | Found a shimmering altar of Xom.
  4110 | D:4      | Reached skill level 5 in Stealth
  4110 | D:4      | Reached XP level 7. HP: 33/52 MP: 9/9
  4523 | D:5      | Reached skill level 5 in Dodging
  4666 | D:5      | Found an opulent altar of Gozag.
  4693 | D:5      | Identified the ring "Eczeyr" {rPois MP-9 EV+2 Int+8} (You took it off a goblin on level 4 of the Dungeon)
  5321 | D:5      | Found a shadowy altar of Dithmenos.
  5334 | D:5      | Became a worshipper of Dithmenos the Shadowed
  6190 | D:5      | Reached skill level 1 in Invocations
  6190 | D:5      | Reached XP level 8. HP: 44/60 MP: 10/10
  6567 | D:6      | Reached skill level 5 in Short Blades
  6840 | D:6      | Noticed a hippogriff
  7604 | D:6      | Reached * piety under Dithmenos
  8385 | D:7      | Found a staircase to the Ecumenical Temple.
  8398 | D:7      | Found a runed door.
  8403 | D:7      | Noticed Crazy Yiuf
  8407 | D:7      | Killed Crazy Yiuf
  8407 | D:7      | Reached XP level 9. HP: 65/65 MP: 11/11
  8706 | D:7      | Found a glowing golden altar of the Shining One.
  8817 | D:7      | Noticed Prince Ribbit
  8824 | D:7      | Killed Prince Ribbit
  9054 | D:7      | Noticed bjoernd's ghost (novice GrFi)
  9437 | D:7      | Found a runed door.
  9439 | D:7      | Reached ** piety under Dithmenos
 10288 | D:7      | Reached XP level 10. HP: 50/73 MP: 4/13
 10361 | D:7      | Reached skill level 10 in Stealth
 11357 | D:8      | Found a staircase to the Lair.
 11389 | D:8      | Noticed bjoernd's ghost (novice GrFi)
 11587 | D:8      | Noticed Psyche
 11598 | D:8      | Paralysed by Psyche for 7 turns
 11606 | D:8      | Killed Psyche
 11606 | D:8      | Reached skill level 5 in Fighting
 11629 | D:8      | Noticed a two-headed ogre
 11636 | D:8      | Killed a two-headed ogre
 11640 | D:8      | Found a radiant altar of Vehumet.
 11854 | D:8      | Found a stormy altar of Qazlal.
 12225 | D:8      | Reached *** piety under Dithmenos
 12296 | D:8      | Reached skill level 5 in Invocations
 12386 | D:8      | Found an ornate altar of the Wu Jian Council.
 12386 | D:8      | Found a blossoming altar of Fedhas.
 12954 | D:8      | Reached skill level 10 in Dodging
 13044 | D:8      | Noticed a centaur warrior
 13120 | D:9      | Found a sparkling altar of Nemelex Xobeh.
 13131 | D:9      | Found a sacrificial altar of Ru.
 13410 | D:9      | Noticed a two-headed ogre
 13686 | D:9      | Killed a two-headed ogre
 13850 | D:10     | Entered Level 10 of the Dungeon
 14064 | D:10     | Noticed a two-headed ogre
 14068 | D:10     | Killed a two-headed ogre
 14068 | D:10     | Reached XP level 11. HP: 83/83 MP: 6/15
 14267 | D:10     | Reached **** piety under Dithmenos
 14874 | D:10     | Found a staircase to the Orcish Mines.
 14968 | D:10     | Reached ***** piety under Dithmenos
 15191 | D:10     | Reached skill level 5 in Long Blades
 16127 | D:7      | Identified the +5 ring mail of Pandemonium {Str+5 Int-2 Dex+3} (You found it on level 7 of the Dungeon)
 16473 | Lair:1   | Entered Level 1 of the Lair of Beasts
 16488 | Lair:1   | Learned a level 3 spell: Regeneration
 16632 | Lair:1   | Reached skill level 1 in Charms
 16632 | Lair:1   | Reached skill level 1 in Necromancy
 17037 | Lair:1   | Reached skill level 1 in Spellcasting
 17761 | Lair:2   | Reached XP level 12. HP: 89/91 MP: 7/16
 17951 | Lair:2   | Noticed a seven-headed hydra
 18028 | Lair:2   | Killed a seven-headed hydra
 18347 | Lair:2   | Found a staircase to the Shoals.
 18537 | Lair:2   | Found a hole to the Spider Nest.
 18602 | Spider:1 | Entered Level 1 of the Spider Nest
 18634 | Lair:3   | Reached skill level 5 in Charms
 18634 | Lair:3   | Reached skill level 5 in Necromancy
 18693 | Lair:3   | Noticed a six-headed hydra
 18706 | Lair:3   | Killed a six-headed hydra
 19411 | Lair:4   | Found a frozen archway.
 19508 | IceCv    | Entered an ice cave
 19512 | IceCv    | Found a transporter.
 20462 | Lair:5   | Found a staircase to the Slime Pits.
 20514 | Lair:5   | Reached XP level 13. HP: 93/96 MP: 9/18
 20666 | Lair:5   | You fall through a shaft!
 20666 | Lair:6   | Entered Level 6 of the Lair of Beasts
 21105 | Lair:5   | Noticed Kirke
 21112 | Lair:5   | Killed Kirke
 21700 | Lair:6   | Found a glowing golden altar of the Shining One.
 22093 | Lair:6   | Reached ****** piety under Dithmenos
 22678 | Lair:5   | Reached skill level 10 in Long Blades
 23498 | D:8      | Killed bjoernd's ghost
 23498 | D:8      | Reached XP level 14. HP: 94/106 MP: 5/20
 23651 | D:8      | Reached skill level 1 in Armour
 23651 | D:8      | Reached skill level 1 in Shields
 23829 | D:8      | Noticed Pikel
 23866 | D:8      | Killed Pikel
 24054 | D:11     | Noticed Harold
 24054 | D:11     | Noticed Maurice
 24057 | D:11     | Killed Harold
 24080 | D:11     | Killed Maurice
 24200 | D:11     | Noticed Erica
 24270 | D:11     | Killed Erica
 24646 | D:11     | Found a portal to a secret trove of treasure.
 25113 | D:12     | Got an uncursed polished great sword {vamp}
 25116 | D:12     | Identified the +3 great sword of Valiance {vamp, -Tele rElec Int+2 Dex+3} (You took it off a yaktaur on level 12 of the Dungeon)
 26784 | D:13     | Found a gate to the Vaults.
 26951 | D:14     | Found Kotial's Armour Shop.
 27773 | Orc:1    | Entered Level 1 of the Orcish Mines
 27815 | Orc:1    | Reached skill level 5 in Armour
 28099 | Orc:1    | Found Neokkap's Antique Armour Boutique.
 28162 | Orc:1    | Found a shimmering altar of Xom.
 28494 | Orc:1    | Learned a level 2 spell: Blink
 28829 | Orc:2    | Entered Level 2 of the Orcish Mines
 28834 | Orc:2    | Reached XP level 15. HP: 113/113 MP: 12/21
 29111 | Orc:2    | Found a staircase to the Elven Halls.
 29800 | Orc:1    | Reached skill level 1 in Translocations
 29916 | Orc:2    | Found Geskuj's Magic Scroll Shop.
 29927 | Orc:2    | Found Teiwoat's Weapon Shop.
 29927 | Orc:2    | Found Heczoqas's General Store.
 29932 | Orc:2    | Found Ocarie Tidu's Gadget Boutique.
 29933 | Orc:2    | Bought a scroll of magic mapping for 42 gold pieces
 29933 | Orc:2    | Bought a scroll of blinking for 90 gold pieces
 30961 | D:14     | Reached skill level 15 in Stealth
 31375 | D:15     | Entered Level 15 of the Dungeon
 31407 | D:15     | Found Gilomn's Antique Armour Emporium.
 31573 | D:15     | Bought a pitted scale mail for 234 gold pieces
 31573 | D:15     | Bought a glowing helmet for 195 gold pieces
 31577 | D:15     | Identified the +5 scale mail of Loss {+Fly rN+ rCorr Int-3} (You bought it in a shop on level 15 of the Dungeon)
 31861 | D:15     | Found a staircase to the Depths.
 32129 | D:14     | Reached skill level 10 in Fighting
 32293 | D:15     | Learned a level 1 spell: Apportation
 32375 | D:15     | Identified the +5 leather armour "Noaryb" {rPois Regen+ MP+9 Int+4} (You found it on level 15 of the Dungeon)
 32993 | Spider:1 | Noticed Rupert
 32998 | Spider:1 | Killed Rupert
 33059 | Spider:1 | Identified the +1 helmet "Neegusala" {SInv} (You found it on level 1 of the Spider Nest)
 33557 | Spider:1 | Reached XP level 16. HP: 122/126 MP: 13/22
 33797 | Spider:1 | Identified the +0 robe of Fyn Hain {Str+4 Stlth+} (You found it on level 1 of the Spider Nest)
 34094 | Spider:1 | You fall through a shaft!
 35635 | Spider:4 | Entered Level 4 of the Spider Nest
 36608 | Shoals:1 | Entered Level 1 of the Shoals
 36820 | Shoals:1 | Found the +11 mace of Variability {chaos}
 37069 | Shoals:1 | Reached XP level 17. HP: 133/133 MP: 15/24
 37661 | Shoals:1 | Reached skill level 10 in Invocations
 38289 | Spider:4 | Reached skill level 15 in Dodging
 38969 | Spider:4 | Got a gossamer rune of Zot
 39742 | Shoals:2 | Found Lucs's Weapon Emporium.
 40988 | Shoals:4 | Entered Level 4 of the Shoals
 41318 | Shoals:4 | Noticed Ilsuiw
 41361 | Shoals:4 | Reached XP level 18. HP: 129/140 MP: 17/26
 42216 | Shoals:4 | Learned a level 6 spell: Invisibility
 42370 | Shoals:4 | Killed Ilsuiw
 42786 | Shoals:4 | Got a barnacled rune of Zot
 43332 | D:7      | Killed bjoernd's ghost
 43425 | Vaults:1 | Entered Level 1 of the Vaults
 43679 | Vaults:1 | Noticed Nikola
 43801 | D:13     | Killed Nikola
 44899 | Vaults:2 | Found a staircase to the Crypt.
 45522 | Vaults:2 | Reached XP level 19. HP: 148/148 MP: 23/28
 46030 | Vaults:2 | Reached skill level 10 in Armour
 46699 | Vaults:2 | Reached skill level 15 in Long Blades
 48182 | Vaults:3 | Reached XP level 20. HP: 159/159 MP: 20/29
 48541 | Vaults:4 | Identified a scroll of acquirement
 50483 | Crypt:1  | Entered Level 1 of the Crypt
 50498 | Crypt:1  | Noticed Mennas
 50998 | Depths:1 | Entered Level 1 of the Depths
 51177 | Depths:1 | Found a gateway to a ziggurat.
 51569 | Depths:1 | Paralysed by a vampire knight for 6 turns
 51919 | Depths:1 | Reached XP level 21. HP: 166/166 MP: 19/30
 52205 | Depths:1 | Found a gateway to Hell.
 52414 | Depths:1 | Learned a level 2 spell: Passwall
 52931 | Depths:2 | Reached skill level 15 in Fighting
 52934 | Depths:2 | Noticed Sojobo
 52938 | Depths:2 | Killed Sojobo
 53051 | Depths:2 | Found a one-way gate to the infinite horrors of the Abyss.
 53582 | Depths:3 | Noticed a golden dragon
 53586 | Depths:3 | Killed a golden dragon
 53659 | Depths:3 | Noticed Jorgrun
 53669 | Depths:3 | Killed Jorgrun
 53810 | Depths:3 | Paralysed by a floating eye for 3 turns
 53842 | Depths:3 | Identified the ring "Idyn" {rCorr rPois rN++} (You found it on level 3 of the Depths)
 53898 | Depths:3 | Noticed Xtahua
 53904 | Depths:3 | Killed Xtahua
 53920 | Depths:3 | Noticed Margery
 54378 | Depths:3 | Voluntarily entered the Abyss.
 54807 | Depths:3 | Escaped the Abyss
 54809 | Depths:3 | Voluntarily entered the Abyss.
 55013 | Abyss:2  | Found a corrupted altar of Lugonu.
 55300 | Abyss:3  | Found a corrupted altar of Lugonu.
 55529 | Abyss:3  | Got an abyssal rune of Zot
 55618 | Depths:3 | Escaped the Abyss
 55688 | Depths:3 | Killed Margery
 55688 | Depths:3 | Reached XP level 22. HP: 143/176 MP: 19/25
 55779 | Depths:3 | Reached skill level 5 in Evocations
 55956 | Depths:3 | Got a bound wooden ring
 56350 | Depths:3 | Got a twitching bronze ring
 56531 | Depths:3 | Got a coiled platinum ring
 56532 | Depths:3 | Identified the ring of Wu Jian's Approval {rElec MR+ Str+4} (You took it off a vampire mage on level 3 of the Depths)
 56533 | Depths:3 | Identified the ring of Gumnu Pite {rCorr Slay+2} (You took it off a spriggan defender on level 3 of the Depths)
 56534 | Depths:3 | Identified the ring "Inucups" {rPois AC+3 Int-2 SInv} (You found it on level 3 of the Depths)
 56626 | Depths:3 | Found a one-way gate leading to the halls of Pandemonium.
 56811 | Depths:3 | Found a burning altar of Makhleb.
 56846 | Depths:3 | Noticed a juggernaut
 56849 | Depths:3 | Killed a juggernaut
 56941 | Depths:3 | Found a glowing golden altar of the Shining One.
 57677 | Depths:4 | Found Kuos's Armour Boutique.
 57751 | Depths:4 | Noticed a golden dragon
 57752 | Depths:4 | Noticed a caustic shrike
 57755 | Depths:4 | Killed a golden dragon
 57759 | Depths:4 | Killed a caustic shrike
 57780 | Depths:4 | Noticed a juggernaut
 57789 | Depths:4 | Killed a juggernaut
 58286 | Depths:5 | Entered Level 5 of the Depths
 58399 | Depths:4 | Reached XP level 23. HP: 147/184 MP: 32/32
 59184 | Depths:5 | Found a gate to the Realm of Zot.
 59660 | Zot:1    | Entered Level 1 of the Realm of Zot
 59863 | Zot:1    | Reached skill level 1 in Hexes
 59881 | Zot:1    | Reached skill level 10 in Evocations
 60272 | Zot:1    | Reached skill level 5 in Hexes
 60655 | Zot:2    | Noticed a curse toe
 60655 | Zot:2    | HP: 5/184 [white draconian/chilling blast (22)]
 61893 | Zot:2    | Killed a curse toe
 62210 | Zot:4    | Reached skill level 10 in Hexes
 62611 | Zot:4    | Reached XP level 24. HP: 168/191 MP: 32/32
 62650 | Zot:5    | Entered Level 5 of the Realm of Zot
 63453 | Zot:5    | Reached skill level 15 in Hexes
 63830 | Zot:5    | Noticed an ancient lich
 63860 | Zot:5    | Killed an ancient lich
 64144 | Zot:5    | Noticed an orb of fire
 64305 | Zot:5    | Gained mutation: You are robust. (+10% HP) [an orb of fire]
 64319 | Zot:5    | Lost mutation: You are robust. (+10% HP) [an orb of fire]
 64322 | Zot:5    | Gained mutation: Your magical capacity is low. (-10% MP) [an orb of fire]
 64324 | Zot:5    | Gained mutation: Your magical capacity is very low. (-20% MP) [an orb of fire]
 64327 | Zot:5    | Gained mutation: You are occasionally teleported next to monsters. [an orb of fire]
 64346 | Zot:5    | Killed an orb of fire
 64505 | Zot:5    | Noticed an orb of fire
 64525 | Zot:5    | Lost mutation: You are occasionally teleported next to monsters. [potion of mutation]
 64525 | Zot:5    | Lost mutation: Your magical capacity is very low. (-20% MP) [potion of mutation]
 64525 | Zot:5    | Gained mutation: You are clumsy. (Dex -2) [potion of mutation]
 64525 | Zot:5    | Gained mutation: Your muscles are strong. (Str +2) [potion of mutation]
 64865 | Lair:1   | Learned a level 3 spell: Spectral Weapon
 64867 | Lair:1   | Learned a level 1 spell: Infusion
 64870 | Lair:1   | Learned a level 2 spell: Song of Slaying
 65170 | Zot:5    | Noticed an ancient lich
 65188 | Zot:5    | Killed an ancient lich
 65201 | Zot:5    | Noticed an ancient lich
 65226 | Zot:5    | Cast into level 5 of the Abyss (an ancient lich)
 65226 | Abyss:5  | Entered Level 5 of the Abyss
 65263 | Abyss:5  | Found a corrupted altar of Lugonu.
 65293 | Abyss:5  | Found a corrupted altar of Lugonu.
 65528 | Zot:5    | Escaped the Abyss
 65583 | Zot:5    | Killed an ancient lich
 65774 | Zot:5    | Noticed an ancient lich
 65811 | Zot:5    | Killed an ancient lich
 66655 | Zot:5    | Gained mutation: Your spells are a little easier to cast, but a little less powerful. [an orb of fire]
 66855 | Zot:5    | Gained mutation: You occasionally shout uncontrollably at your foes. [an orb of fire]
 67106 | Zot:5    | Gained mutation: Armour fits poorly on your strangely shaped body. [an orb of fire]
 67121 | Zot:5    | Killed an orb of fire
 67152 | Zot:5    | Reached XP level 25. HP: 149/201 MP: 22/29
 67508 | Zot:5    | Noticed an orb of fire
 67510 | Zot:5    | Gained mutation: Your magical capacity is very low. (-20% MP) [an orb of fire]
 67852 | Zot:5    | Noticed an orb of fire
 67865 | Zot:5    | Gained mutation: You tend to lose your temper in combat. [an orb of fire]
 67902 | Zot:5    | Gained mutation: You expend magic power (3 MP) to strengthen your wands. [an orb of fire]
 67905 | Zot:5    | Gained mutation: Your body sometimes deteriorates upon taking damage. [an orb of fire]
 67914 | Zot:5    | HP: 5/201 [orb of fire/bolt of fire (21)]
 67917 | Zot:5    | Gained mutation: You sometimes yell uncontrollably at your foes. [an orb of fire]
 67923 | Zot:5    | Killed from afar by an orb of fire

Skill      XL: |  1  2  3  4  5  6  7  8  9 10 11 12 13 14 15 16 17 18 19 20 21 22 23 24 |
---------------+-------------------------------------------------------------------------+-----
Fighting       | 1 2 3 4 6 7 8 9 11 12 14 15 16 17 | 17.0
Stealth        | 2 3 5 7 9 10 12 13 14 15 16 18 19 20 21 | 21.0
Evocations     | 3 4 8 10 | 10.0
Short Blades   | 2 3 4 5 8 |  8.1
Dodging        | 3 4 6 8 10 11 12 13 14 15 16 17 18 20 21 | 21.0
Invocations    | 1 3 4 5 6 7 8 9 11 12 13 | 13.0
Long Blades    | 3 6 7 10 11 12 13 14 15 17 18 19 | 19.6
Charms         | 3 5 6 8 9 |  9.2
Necromancy     | 3 5 6 8 9 |  9.2
Spellcasting   | 2 4 |  4.0
Armour         | 5 6 7 9 11 12 13 | 13.0
Shields        | 4 |  4.0
Translocations | 4 |  4.0
Hexes          | 12 15 | 15.4

Action                   |  1- 3 |  4- 6 |  7- 9 | 10-12 | 13-15 | 16-18 | 19-21 | 22-24 | 25-27 || total
-------------------------+-------+-------+-------+-------+-------+-------+-------+-------+-------++-------
Melee: Short sword       |   117 |   168 |       |       |       |       |       |       |       ||   285
       Bite              |    11 |    19 |    79 |   261 |   551 |   639 |   407 |   470 |    12 ||  2449
       Rapier            |       |    58 |   522 |   622 |       |       |       |       |       ||  1202
       Dagger            |       |       |   102 |   194 |   514 |   469 |   148 |    54 |       ||  1481
       Unarmed           |       |       |       |     1 |       |       |       |       |       ||     1
       Scimitar          |       |       |       |   509 |  1807 |  1937 |       |       |       ||  4253
       Great sword       |       |       |       |       |       |   282 |  1337 |       |       ||  1619
       Demon blade       |       |       |       |       |       |       |   210 |  2053 |    51 ||  2314
 Fire: Blowgun           |       |       |    27 |    30 |       |     8 |       |       |       ||    65
       Hunting sling     |       |       |     3 |       |       |       |       |       |       ||     3
Throw: Javelin           |       |     1 |     3 |       |       |     5 |     1 |     3 |     1 ||    14
       Throwing net      |       |       |       |       |       |     2 |       |       |       ||     2
 Cast: Regeneration      |       |       |       |     8 |    83 |   154 |   155 |   191 |     5 ||   596
       Blink             |       |       |       |       |     1 |       |     3 |     6 |       ||    10
       Spectral Weapon   |       |       |       |       |       |       |       |     7 |     7 ||    14
       Infusion          |       |       |       |       |       |       |       |     1 |     3 ||     4
Invok: Shadow Step       |       |       |       |     2 |     4 |     6 |     8 |     4 |       ||    24
       Shadow Form       |       |       |       |       |       |       |     1 |       |       ||     1
 Abil: End Transformatio |     1 |     1 |     8 |     6 |       |     1 |     4 |     6 |     1 ||    28
       Bat Form          |     1 |     1 |     8 |     6 |       |     1 |     4 |     6 |     1 ||    28
Evoke: Wand              |     7 |    18 |       |       |    11 |    28 |     3 |    28 |       ||    95
       Sack of spiders   |       |       |       |     2 |       |       |       |       |       ||     2
       Phial of floods   |       |       |       |     1 |     1 |     1 |       |     1 |       ||     4
       Lightning rod     |       |       |       |       |     2 |       |       |       |       ||     2
  Use: Potion            |     8 |    11 |    17 |    46 |    70 |    77 |    71 |    79 |     8 ||   387
       Scroll            |     1 |     3 |     8 |    14 |    17 |    12 |    14 |    15 |       ||    84
 Stab: Sleeping          |     4 |     3 |    20 |    57 |    86 |    97 |   109 |    37 |       ||   413
       Confused          |       |     4 |       |       |       |       |       |       |       ||     4
       Distracted        |       |       |     3 |     6 |    22 |    13 |    16 |    15 |       ||    75
       Invisible         |       |       |       |       |       |     5 |       |     5 |       ||    10
Armor: Leather armour    |    19 |    50 |    68 |    46 |       |       |       |       |       ||   183
       Ring mail         |       |       |       |    55 |   284 |   589 |   318 |   127 |       ||  1373
       Troll leather arm |       |       |       |    16 |       |       |       |       |       ||    16
       Ice dragon scales |       |       |       |    36 |       |       |     1 |       |       ||    37
       Fire dragon scale |       |       |       |       |       |       |       |   234 |     3 ||   237
Dodge: Dodged            |    69 |   145 |   490 |  1366 |  1827 |  2759 |  1779 |  1317 |    23 ||  9775
Block: Other             |       |       |       |    53 |    77 |     3 |       |     1 |       ||   134
       Buckler           |       |       |       |       |   938 |  1525 |    87 |   962 |    11 ||  3523
       Reflection        |       |       |       |       |    22 |    32 |     4 |    36 |       ||    94
       Rpst.: Scimitar   |       |       |       |   190 |   316 |   367 |       |       |       ||   873
       Great sword       |       |       |       |       |       |    69 |   363 |       |       ||   432
       Demon blade       |       |       |       |       |       |       |    26 |   224 |     4 ||   254
